 Dungeon Crawl Stone Soup version 0.28-a0-834-g1a73be5ee4 (webtiles) character file.

Game seed: 17754673285416792615

5 Multipenetrator the Skirmisher (level 1, 0/18 HPs)
             Began as a Demonspawn Monk on Nov 11, 2021.
             Slain by a jackal (2 damage)
             ... on level 1 of the Dungeon.
             The game lasted 00:00:14 (188 turns).

Multipenetrator the Skirmisher (Demonspawn Monk)     Turns: 188, Time: 00:00:14

Health: 0/18       AC:  2    Str: 11    XL:     1   Next: 66%
Magic:  1/1        EV: 12    Int: 11    God:
Gold:   0          SH:  0    Dex: 15    Spells: 0/0 levels left

rFire   . . .      SeeInvis .   a - +0 falchion
rCold   . . .      Faith    .   (no shield)
rNeg    . . .      Spirit   .   b - +0 robe
rPois   .          Reflect  .   (no helmet)
rElec   .          Harm     .   (no cloak)
rCorr   .          Rampage  .   (no gloves)
Will    .....                   (no boots)
Stlth   ++........              (no amulet)
HPRegen 0.06/turn               (no ring)
MPRegen 0.07/turn               (no ring)

@: no status effects
A: no striking features
a: no special abilities


You were on level 1 of the Dungeon.
You visited 1 branch of the dungeon, and saw 1 of its levels.

Inventory:

Hand Weapons
 a - a +0 falchion (weapon)
Armour
 b - a +0 robe (worn)


   Skills:
 + Level 3.4 Fighting
 - Level 2.6 Long Blades
 - Level 2.6 Dodging
 - Level 1.7 Stealth


You couldn't memorise any spells.
You didn't know any spells.
Your spell library was empty.

Dungeon Overview and Level Annotations

Branches:
Dungeon (1/15)

Altars:


Message History

The hobgoblin shouts!
The giant cockroach bites you but does no damage.
A goblin comes into view. It is wielding a +0 dagger.
The giant cockroach bites you but does no damage.
You closely miss the giant cockroach.
The giant cockroach is almost dead.
The giant cockroach misses you.
The goblin shouts!
You hit the giant cockroach.
You kill the giant cockroach!
The jackal bites you.
* * * LOW HITPOINT WARNING * * *
You hit the jackal.
The jackal is severely wounded.
You hit the jackal.
The jackal is moderately wounded.
The jackal misses you. The jackal closely misses you. The jackal bites you.
* * * LOW HITPOINT WARNING * * *
The jackal closely misses you.
You hit the jackal but do no damage.
The jackal is moderately wounded.
The jackal closely misses you. x2; The hobgoblin closely misses you.
The jackal closely misses you. The hobgoblin closely misses you.
The jackal barely misses you.
Unknown command.
The jackal barely misses you. The hobgoblin completely misses you.
A bat comes into view.
The jackal misses you.
You hit the bat.
The bat is severely wounded.
The bat barely misses you. The jackal bites you.
* * * LOW HITPOINT WARNING * * *
The hobgoblin misses you. The bat hits you but does no damage.
The goblin hits you with a +0 dagger.
* * * LOW HITPOINT WARNING * * *
The bat barely misses you. The goblin misses you. The bat closely misses you.
The jackal closely misses you.
The bat closely misses you. x2; The jackal closely misses you.
The bat barely misses you. The jackal bites you.
You die...

....# #....#
.....## .......
....... ##.....##
#........ ######
##6# ......#
##hb#
.......###gh## ##
........#..## ..
.........g#### ##
.............#
###(
.......?.###.....
##(.( ........##
#### +..(.
........### #...


You could see 2 jackals, a hobgoblin, a goblin and a bat.

Vanquished Creatures
  A giant cockroach (D:1)
  2 jackals (D:1)
  A ball python (D:1)
  A frilled lizard (D:1)
5 creatures vanquished.

Notes
Turn   | Place    | Note
-------+----------+-------------------------------------------
     0 | D:1      | Multipenetrator the Demonspawn Monk began the quest for the
                  | Orb.
     0 | D:1      | Reached XP level 1. HP: 18/18 MP: 1/1
   188 | D:1      | Slain by a jackal

Illustrated notes

Levels and vault maps discovered:
D:1:      minmay_arrival_shattered_statue, layout_rooms

Action                   || total
-------------------------++-------
Melee: Falchion          ||    19
 Stab: Sleeping          ||     2
Armor: Robe              ||    11
Dodge: Dodged            ||    35

Table legend: (Time is in decaauts)
 A = Elapsed time spent in this place.
 B = Non-inter-level travel time spent in this place.
 C = Inter-level travel time spent in this place.
 D = Time resting spent in this place.
 E = Time spent auto-exploring this place.
 F = Levels seen in this place.
 G = Mean time per level.
                   A        B        C        D        E       F      G
               +--------+--------+--------+--------+--------+-----+--------+
         Total |    191 |    191 |      0 |      0 |    139 |   1 |  191.0 |
       Dungeon |    191 |    191 |      0 |      0 |    139 |   1 |  191.0 |
               +--------+--------+--------+--------+--------+-----+--------+

Top non-repeatable levels by time:
     D:1: 191 daAuts
